 Dungeon Crawl Stone Soup version 0.32-a0-35-gd9ff480 (webtiles) character file.

Game seed: 7341892563857560043

384 Dorkslayer the Ruffian (level 6, -3/39 HPs)
             Began as an Octopode Shapeshifter on Jan 21, 2024.
             Slain by a gnoll
             ... wielding a +0 halberd
              (10 damage)
             ... on level 3 of the Dungeon.
             The game lasted 00:04:33 (2428 turns).

Dorkslayer the Ruffian (Octopode Shapeshifter)      Turns: 2428, Time: 00:04:33

Health: -3/39      AC:  1    Str: 15    XL:     6   Next: 77%
Magic:  6/6        EV: 13    Int: 12    God:
Gold:   185        SH:  5    Dex: 18    Spells: 5/5 levels left

rFire   . .          .
                       - Unarmed
rCold   . . .        j - +0 buckler
rNeg    . . .        (helmet currently unavailable)
rPois   .            (no amulet)
rElec   .            f - +6 ring of dexterity
rCorr   .            (no ring)
SInv    .            (no ring)
Will    .....        (no ring)
Stlth   +++++        (no ring)
HPRegen 0.26/turn    (no ring)
MPRegen 0.10/turn    (no ring)
                     (no ring)

%: no passive effects
@: beast-form
A: beast (slay +1), almost no armour, amphibious, 8 rings, camouflage 1,
gelatinous body 1, nimble swimmer 1, tentacles
a: Begin Untransformation


You were on level 3 of the Dungeon.
You were a hulking beast.
You visited 1 branch of the dungeon, and saw 3 of its levels.
You also visited: Sewer.

You collected 185 gold pieces.

Inventory:

Armour
 j - a +0 buckler (worn)
Jewellery
 f - a +6 ring of dexterity (left tentacle)
Talismans
 b - a beast talisman
 c - a flux talisman
 m - a serpent talisman
Scrolls
 e - a scroll of enchant armour {unknown}
 g - a scroll of fog
 i - a scroll of identify
 k - a scroll of torment {unknown}
 o - a scroll of teleportation {unknown}
Potions
 a - a potion of lignification
 h - a potion of cancellation {unknown}
 l - a potion of brilliance {unknown}
 n - a potion of ambrosia {unknown}


   Skills:
 + Level 1.7 Fighting
 + Level 2.1 Dodging
 + Level 4.1 Stealth
 * Level 2.2 Shields
 * Level 5.6 Unarmed Combat
 + Level 3.2 Shapeshifting


You had 5 spell levels left.
You didn't know any spells.
Your spell library contained the following spells:

 Spells                   Type           Power      Damage    Failure   Level
 Stone Arrow              Conj/Erth      0%         3d7       78%         3
 Iskenderun's Battlesphe  Conj           0%         2d6       100%        5


Dungeon Overview and Level Annotations

Branches:
Dungeon (3/15)              Sewer (visited)

Altars:
Ashenzari
Elyvilon
Gozag


Innate Abilities, Weirdness & Mutations

You are a hulking beast.
Your limbs bulge with bestial killing power. (Slay +1)
You cannot wear most types of armour.
You are amphibious.
You can wear up to eight rings at the same time.
Your skin changes colour to match your surroundings (Stealth+).
Your rubbery body absorbs attacks. (AC +1, EV +1)
You are camouflaged when in or above water. (Stealth+)
You have tentacles for arms and can constrict up to eight enemies at once.


Message History

The river rat bites you.
Okay, then.
Okay, then.
As you read the scroll labelled VUERRI EMOUXA, it dissolves into smoke.
It was a scroll of fog.
The giant cockroach closely misses you.
The gnoll hits you from afar with a +0 halberd!
* * * LOW HITPOINT WARNING * * *
The river rat bites you.
* * * LOW HITPOINT WARNING * * *
As you read the scroll labelled ZAUVEI ESOS, it crumbles to dust.
It is a scroll of identify.
d - a potion of curing The giant cockroach splashes around in the water.
The gnoll misses you. The river rat closely misses you.
You feel better. The giant cockroach barely misses you.
The gnoll barely misses you. The river rat closely misses you.
You block the giant cockroach's attack.
You enter the shallow water.
The river rat bites you but does no damage.
You tentacle-slap the river rat. You grab the river rat.
You squeeze the river rat.
The river rat is severely wounded.
You constrict the river rat. The giant cockroach bites you.
* * * LOW HITPOINT WARNING * * *
The river rat barely misses you. The gnoll barely misses you.
You tentacle-slap the river rat but do no damage.
The river rat is severely wounded.
You constrict the river rat, but do no damage.
The giant cockroach barely misses you. The river rat bites you.
* * * LOW HITPOINT WARNING * * *
The gnoll barely misses you.
You bludgeon the river rat!
You kill the river rat!
The giant cockroach misses you.
You closely miss the giant cockroach. You grab the giant cockroach.
You constrict the giant cockroach, but do no damage.
The giant cockroach bites you.
* * * LOW HITPOINT WARNING * * *
The gnoll hits you from afar with a +0 halberd!
You die...

.g #.######g#
#.#§§§§#g# #.#~h§§#g#
#.#§§B§#.# .. #
##.#§§gg#.# ...#
#.####..#§§§§#g#....#
...#..#####gg.>$...
#.#.......gg.#....
#.....######## .#.
#.....# #..$..#


You could see a gnoll, a giant cockroach and a goblin.

Vanquished Creatures
  2 bullfrogs (Sewer)
  A bombardier beetle (D:2)
  Natasha (thrice) (D:3)
  5 adders
  A river rat (D:3)
  11 dart slugs
  A ribbon worm (D:3)
  An orc (D:3)
  7 endoplasms
  11 giant cockroaches
  3 goblins
  2 hobgoblins
  2 kobolds (D:2)
  3 quokkas
  11 ball pythons
  5 bats
  6 frilled lizards
  4 rats
  A spectral kobold (D:1)
80 creatures vanquished.

Notes
Turn   | Place    | Note
-------+----------+-------------------------------------------
     0 | D:1      | Dorkslayer the Octopode Shapeshifter began the quest for
                  | the Orb.
     0 | D:1      | Reached XP level 1. HP: 13/13 MP: 1/1
   126 | D:1      | Found a faded altar of an unknown god.
   171 | D:1      | Reached XP level 2. HP: 17/18 MP: 2/2
   883 | D:2      | Found a broken altar of Ashenzari.
   908 | D:2      | Reached skill level 1 in Stealth
   908 | D:2      | Reached skill level 4 in Unarmed Combat
   908 | D:2      | Reached XP level 3. HP: 19/23 MP: 3/3
  1129 | D:2      | Reached XP level 4. HP: 29/29 MP: 4/4
  1574 | D:3      | Noticed Natasha
  1581 | D:3      | Killed Natasha
  1582 | D:3      | Reached XP level 5. HP: 25/34 MP: 5/5
  1652 | D:3      | Noticed Natasha
  1658 | D:3      | Killed Natasha
  1659 | D:3      | Reached skill level 1 in Shields
  1836 | D:3      | Found a white marble altar of Elyvilon.
  1836 | D:3      | Found an opulent altar of Gozag.
  1846 | D:3      | Noticed Natasha
  1851 | D:3      | Killed Natasha
  1950 | D:3      | Found a glowing drain.
  1958 | Sewer    | Entered a sewer
  2019 | Sewer    | Reached skill level 5 in Unarmed Combat
  2019 | Sewer    | Reached XP level 6. HP: 28/39 MP: 6/6
  2324 | Sewer    | Got the Codex of Battle Magic
  2428 | D:3      | Slain by a gnoll

Illustrated notes

Levels and vault maps discovered:
D:1:      dpeg_arrival_rooms_c, layout_basic,
          dreamdust_ecumenical_altar_drowned_temple
D:2:      layout_rooms, basic_altar
D:3:      layout_basic, jmf_multi_god_temple, portal_sewer_entry_c, uniq_robin,
          uniq_crazy_yiuf_cottage, uniq_natasha

Skill      XL: |  1  2  3  4  5  6 |
---------------+-------------------+-----
Stealth        | 1 2 3 4 |  4.1
Unarmed Combat | 4 5 |  5.6
Shields        | 2 |  2.2
Fighting       | |  1.7
Dodging        | |  2.1
Shapeshifting  | |  3.2

Action                     |  1- 3 |  4- 6 || total
---------------------------+-------+-------++-------
  Melee: Unarmed           |    57 |    80 ||   137
         Constrict         |    16 |    25 ||    41
         Tentacles         |    10 |    17 ||    27
         Punch             |     4 |     3 ||     7
    Use: Scroll            |       |     2 ||     2
         Potion            |       |     1 ||     1
   Stab: Sleeping          |     8 |     9 ||    17
         Distracted        |       |     1 ||     1
 Armour: Skin              |    15 |    41 ||    56
  Dodge: Dodged            |    33 |    50 ||    83
  Block: Buckler           |       |    14 ||    14

Table legend: (Time is in decaauts)
 A = Elapsed time spent in this place.
 B = Non-inter-level travel time spent in this place.
 C = Inter-level travel time spent in this place.
 D = Time resting spent in this place.
 E = Time spent auto-exploring this place.
 F = Levels seen in this place.
 G = Mean time per level.
                   A        B        C        D        E       F      G
               +--------+--------+--------+--------+--------+-----+--------+
         Total |   2419 |   2419 |      0 |    147 |   1396 |   4 |  604.8 |
       Dungeon |   1962 |   1962 |      0 |      0 |   1323 |   3 |  654.0 |
         Sewer |    456 |    456 |      0 |    147 |     73 |   1 |  456.0 |
               +--------+--------+--------+--------+--------+-----+--------+

Top non-repeatable levels by time:
     D:1: 879 daAuts
     D:3: 680 daAuts
   Sewer: 456 daAuts
     D:2: 401 daAuts
